 Dungeon Crawl Stone Soup version 0.28.0 (webtiles) character file.

Game seed: 7839561702332148248

1469 Findor the Quickloader (level 9, -8/73 HPs)
             Began as a Kobold Hunter on Feb 13, 2022.
             Killed by divine providence
             ... invoked by an orc priest
              (16 damage)
             ... on level 6 of the Dungeon.
             The game lasted 00:11:56 (8129 turns).

Findor the Quickloader (Kobold Hunter)              Turns: 8129, Time: 00:11:57

Health: -8/73      AC: 10    Str: 11    XL:     9   Next: 6%
Magic:  9/9        EV:  7    Int: 12    God:
Gold:   166        SH:  0    Dex: 18    Spells: 8/8 levels left

rFire   + . .      SeeInvis +   b - +0 dagger (elec)
rCold   . . .      Faith    .   (no shield)
rNeg    . . .      Spirit   .   f - +1 chain mail {rPois}
rPois   +          Reflect  .   (no helmet)
rElec   .          Harm     .   (no cloak)
rCorr   .          Rampage  .   k - +0 pair of gloves
Will    .....                   (no boots)
Stlth   ..........              (no amulet)
HPRegen 0.22/turn               i - ring of protection from fire
MPRegen 0.11/turn               z - ring of see invisible

@: berserking, very quick
A: small, no large weapons, nightstalker 3
a: no special abilities


You were on level 6 of the Dungeon.
You visited 1 branch of the dungeon, and saw 6 of its levels.

You collected 166 gold pieces.


Innate Abilities, Weirdness & Mutations

You are small and have problems with some larger weapons.
You are completely attuned to the shadows.


   Skills:
 - Level 2.8 Fighting
 * Level 9.7 Short Blades
 - Level 10.0 Crossbows
 - Level 2.4 Dodging
 - Level 1.3 Stealth


You had 8 spell levels left.
You didn't know any spells.
Your spell library contained the following spells:

 Spells                   Type           Power      Damage    Failure   Level
 Ignite Poison            Fire/Tmut/Pois 0%         N/A       100%        3
 Mephitic Cloud           Conj/Pois/Air  0%         N/A       100%        3
 Portal Projectile        Hex/Tloc       0%         N/A       100%        3
 Blade Hands              Tmut           0%         N/A       100%        5
 Excruciating Wounds      Necr           0%         N/A       100%        5
 Freezing Cloud           Conj/Ice/Air   0%         6-21      100%        5

Inventory:

Hand Weapons
 a - a +1 hand crossbow
 b - a +0 dagger of electrocution (weapon)
   (You took it off a kobold on level 1 of the Dungeon)
 t - a +0 rapier
   (You took it off an orc on level 4 of the Dungeon)
Missiles
 s - 3 curare-tipped darts (quivered)
 v - a throwing net {!f}
 x - a bolt
Armour
 f - a +1 chain mail of poison resistance (worn)
   (You found it on level 1 of the Dungeon)
 k - a +0 pair of gloves (worn)
   (You found it on level 5 of the Dungeon)
Jewellery
 i - a ring of protection from fire (left hand)
   (You found it on level 2 of the Dungeon)
 z - a ring of see invisible (right hand)
   (You found it on level 2 of the Dungeon)
Wands
 d - a wand of iceblast (6)
   (You found it on level 5 of the Dungeon)
Scrolls
 c - a scroll of enchant armour {unknown}
 e - 2 scrolls of fear
 h - a scroll of magic mapping {unknown}
 m - a scroll of enchant weapon {unknown}
 n - a scroll of blinking
 p - 2 scrolls of torment {!r}
 q - a scroll of vulnerability {unknown}
Potions
 j - a potion of might
 l - a potion of mutation {unknown}
 o - a potion of flight
 w - a potion of curing {@q1}


Message History

Press: ? - help, Q - select action, (/) - cycle Shift-Dir - straight line, f/p - Menkaure
Aim: Menkaure (81% to hit)
You shoot a bolt. The bolt hits Menkaure.
Fire: 3 bolts
Press: ? - help, Q - select action, (/) - cycle Shift-Dir - straight line, f/p - Menkaure
Aim: Menkaure (moderately damaged, 81% to hit)
You shoot a bolt. The bolt closely misses Menkaure.
Menkaure grins.
Fire: 2 bolts
Press: ? - help, Q - select action, (/) - cycle Shift-Dir - straight line, f/p - Menkaure
Aim: Menkaure (moderately damaged, 81% to hit)
You shoot a bolt. The bolt barely misses Menkaure.
Menkaure calls on the powers of darkness!
Your body is wracked with pain!
* * * LOW HITPOINT WARNING * * *
Unknown command.
Unknown command.
You hear the crackle of electricity.
b - a +0 dagger of electrocution (weapon)
Menkaure casts a spell at you. Pain shoots through your body!
* * * LOW HITPOINT WARNING * * *
You feel much better. Menkaure hits you!
* * * LOW HITPOINT WARNING * * *
Things that are here:
a +0 war axe; a +0 chain mail; a bolt Unknown command.
Unknown command.
You hit Menkaure but do no damage. Menkaure hits you but does no damage.
Okay, then.
You hit Menkaure but do no damage. Lightning courses through Menkaure!
You hit Menkaure but do no damage. You hit Menkaure.
Menkaure points at you and mumbles some strange words.
Pain shoots through your body!
* * * LOW HITPOINT WARNING * * *
A red film seems to cover your vision as you go berserk!
You feel yourself moving faster!
You feel mighty! Menkaure hits you!
* * * LOW HITPOINT WARNING * * *
You hit Menkaure.
You destroy Menkaure!
You have reached level 9!
Your experience leads to an increase in your attributes!
Increase (S)trength, (I)ntelligence, or (D)exterity?
You feel stronger. x2
You puncture the orc priest!
The orc priest invokes the aid of Beogh against you.
Beogh smites you!
You die...

####.#### #####.#
......#####
####<...... ....
##.####### #)(#
#.oo.o... #((#
########P ## #.o##
####≈
...#@..#######PP.≈
.............≈≈≈♣
P≈
...#.#.######.P♣♣
♣P #.##.#.#
###P≈♣♣ ♣♣ #.
#.... ...P≈P♣ ♣♣P
###.## ###P≈≈♣♣≈P≈
#.PP≈P≈P≈
#..≈..P..
#####.#.PP...


You could see an orc priest.

Vanquished Creatures
  Eustachio (D:5)
  Menkaure (D:6)
  An orc warrior (D:6)
  2 ogres
  2 phantoms
  Blork the orc (D:5)
  2 bullfrogs
  A scorpion (D:5)
  3 jellies
  A centaur zombie (D:6)
  3 orc priests
  Natasha (thrice) (D:4)
  2 iguanas (D:5)
  Terence (D:2)
  2 hound skeletons (D:4)
  3 gnolls
  4 adders
  A white imp (D:5)
  2 dart slugs
  10 orcs
  12 ball pythons
  5 endoplasms
  4 giant cockroaches
  5 goblins
  7 hobgoblins
  4 jackals (D:4)
  4 quokkas
  5 bats
  3 frilled lizards
  6 kobolds
  5 rats
106 creatures vanquished.

Vanquished Creatures (others)
  8 plants (D:6)
8 creatures vanquished.

Grand Total: 114 creatures vanquished

Notes
Turn   | Place    | Note
-------+----------+-------------------------------------------
     0 | D:1      | Findor the Kobold Hunter began the quest for the Orb.
     0 | D:1      | Reached XP level 1. HP: 12/12 MP: 1/1
    66 | D:1      | HP: 2/12 [constriction (1)]
    70 | D:1      | Reached skill level 5 in Crossbows
    73 | D:1      | Reached skill level 1 in Short Blades
    73 | D:1      | Reached XP level 2. HP: 2/17 MP: 2/2
   972 | D:1      | Reached XP level 3. HP: 22/22 MP: 3/3
  1296 | D:1      | Found a faded altar of an unknown god.
  1658 | D:2      | Found a runed translucent door.
  1661 | D:2      | Noticed Crazy Yiuf
  1692 | D:2      | Noticed Terence
  1862 | D:2      | Reached XP level 4. HP: 19/27 MP: 4/4
  1964 | D:2      | Killed Terence
  1965 | D:2      | Reached skill level 6 in Crossbows
  2170 | D:2      | Found a radiant altar of Vehumet.
  2907 | D:3      | Found a snail-covered altar of Cheibriados.
  2917 | D:3      | Found a sparkling altar of Nemelex Xobeh.
  3588 | D:4      | Noticed a phantom
  3598 | D:4      | Killed a phantom
  3599 | D:4      | Reached skill level 3 in Short Blades
  3599 | D:4      | Reached XP level 5. HP: 28/32 MP: 5/5
  3777 | D:4      | Reached XP level 6. HP: 33/36 MP: 6/6
  3793 | D:4      | HP: 2/36 [orc priest/divine providence (11)]
  4058 | D:4      | Reached skill level 7 in Crossbows
  4160 | D:4      | Noticed an ogre
  4397 | D:4      | Found Isiugg's Weapon Emporium.
  5182 | D:4      | Noticed Natasha
  5192 | D:4      | Killed Natasha
  5193 | D:4      | Reached XP level 7. HP: 27/40 MP: 7/7
  5550 | D:4      | Noticed Natasha
  5558 | D:4      | Killed Natasha
  5618 | D:4      | Noticed Natasha
  5634 | D:4      | HP: 7/40 [Natasha (5)]
  5635 | D:4      | Killed Natasha
  5636 | D:4      | Reached skill level 6 in Short Blades
  5636 | D:4      | Reached skill level 8 in Crossbows
  5887 | D:5      | Entered Level 5 of the Dungeon
  6386 | D:5      | Reached XP level 8. HP: 32/45 MP: 8/8
  6588 | D:5      | Noticed Eustachio
  6611 | D:5      | Killed Eustachio
  6612 | D:5      | Reached skill level 9 in Crossbows
  6620 | D:5      | HP: 9/45 [white imp/puff of frost (1)]
  6625 | D:5      | HP: 6/45 [white imp/puff of frost (4)]
  7038 | D:5      | Noticed Blork the orc
  7306 | D:5      | Killed Blork the orc
  8104 | D:6      | Reached skill level 10 in Crossbows
  8109 | D:6      | Reached skill level 9 in Short Blades
  8115 | D:6      | Noticed Menkaure
  8120 | D:6      | HP: 4/45 [Menkaure/nerve-wracking pain (9)]
  8127 | D:6      | HP: 7/67 [Menkaure (10)]
  8128 | D:6      | Killed Menkaure
  8129 | D:6      | Reached XP level 9. HP: 8/49 MP: 9/9
  8129 | D:6      | Killed from afar by an orc priest

Levels and vault maps discovered:
D:1:      amcnicky_arrival_underground_garden, layout_loops_ring,
          hellmonk_ecumenical_altar_leap_of_faith, st_stairs_11
D:2:      layout_rooms, basic_altar, uniq_terence, uniq_crazy_yiuf_cottage
D:3:      layout_loops_ring, mainiacjoe_overflow_big_doors, nrook_mini_vaults,
          amethyst_killhole
D:4:      layout_basic, serial_shops, nicolae_shop_bloodbath_and_beyond,
          uniq_natasha
D:5:      layout_rooms, uniq_eustachio, uniq_blork_the_orc
D:6:      cheibrodos_iron_armory, layout_loops_ring, serial_bayou,
          serial_bayou_pond_c, serial_bayou_crossing, serial_bayou_pond_e,
          serial_bayou_ford_a, minmay_misc_feat_x, uniq_menkaure

Action                   |  1- 3 |  4- 6 |  7- 9 || total
-------------------------+-------+-------+-------++-------
Melee: Short sword       |    87 |       |       ||    87
       Dagger            |    63 |   198 |   132 ||   393
       Punch             |       |     5 |       ||     5
 Fire: Hand crossbow     |     6 |    25 |    37 ||    68
  Use: Potion            |     1 |     3 |     5 ||     9
       Scroll            |       |       |     7 ||     7
 Stab: Sleeping          |     2 |       |       ||     2
Armor: Leather armour    |     2 |       |       ||     2
       Chain mail        |    74 |    97 |    53 ||   224
Dodge: Dodged            |    60 |    57 |    27 ||   144
